 Dungeon Crawl Stone Soup version 0.21.1-1-g345015f (webtiles) character file.

3431 ninurtach the Basher (level 9, 0/86 HPs)
             Began as a Minotaur Berserker on May 25, 2018.
             Was a High Priest of Trog.
             Slain by Pikel
             ... wielding a +1 whip of freezing
              (6 damage)
             ... on level 8 of the Dungeon on May 27, 2018.
             The game lasted 00:14:14 (7465 turns).

ninurtach the Basher (Minotaur Berserker)           Turns: 7465, Time: 00:14:15

Health: 0/86       AC:  6    Str: 23    XL:     9   Next: 77%
Magic:  8/8        EV: 17    Int:  4    God:    Trog [*****.]
Gold:   304        SH:  4    Dex: 15    Spells: 8/8 levels left

rFire    . . .     SeeInvis +   s - +0 flail
rCold    . . .     Gourm    .   (no shield)
rNeg     . . .     Faith    .   a - +1 robe "Eweiziat" {-Cast rElec MR+}
rPois    .         Spirit   .   (helmet restricted)
rElec    +         Reflect  +   (no cloak)
rCorr    .         Harm     .   y - +1 pair of gloves {Dex+3}
MR       +....     NoCast   +   (no boots)
Stlth    +.........             k - +4 amulet of reflection
HPRegen  0.24/turn              r - ring of see invisible
MPRegen  0.11/turn              (no ring)

@: no status effects
A: retaliatory headbutt, horns 2
a: Berserk, Trog's Hand, Brothers in Arms, Burn Spellbooks, Renounce Religion


You were on level 8 of the Dungeon.
You worshipped Trog.
Trog was extremely pleased with you.
You were not hungry.

You visited 1 branch of the dungeon, and saw 8 of its levels.

You collected 304 gold pieces.

Inventory:

Hand Weapons
 s - a +0 flail (weapon)
Armour
 a - the +1 robe "Eweiziat" (worn) {-Cast rElec MR+}
   (You found it on level 5 of the Dungeon)

   It insulates you from electricity.
   It affects your resistance to hostile enchantments.
   It prevents spellcasting.
 y - a +1 pair of gloves of dexterity (worn)
Jewellery
 b - an uncursed amulet of harm {unknown}
 k - a +4 amulet of reflection (around neck)
 r - a ring of see invisible (left hand)
 u - an uncursed ring of ice
Wands
 v - a wand of polymorph (24)
 B - a wand of random effects (30)
Scrolls
 e - 3 scrolls of magic mapping
 f - 4 scrolls of teleportation
 g - 3 scrolls of remove curse {unknown}
 h - 2 scrolls of amnesia {unknown}
 j - 2 scrolls of fear {unknown}
 l - a scroll of holy word {unknown}
 x - a scroll of blinking {unknown}
Potions
 d - 5 potions of curing
 i - 2 potions of mutation {unknown}
 m - a potion of degeneration {unknown}
 n - 5 potions of heal wounds {unknown}
 o - 2 potions of haste {unknown}
 p - 2 potions of agility {unknown}
 q - 2 potions of lignification {unknown}
 t - a potion of magic {unknown}
 w - a potion of flight {unknown}
 z - a potion of brilliance {unknown}
 A - a potion of might {unknown}
Comestibles
 c - 17 rations
 C - 6 chunks of flesh


   Skills:
 - Level 10.6 Fighting
 - Level 12.2 Maces & Flails
 + Level 8.1 Armour
 + Level 7.3 Dodging


You had 8 spell levels left.
You didn't know any spells.

Dungeon Overview and Level Annotations

Branches:
Dungeon (8/15)             Temple (0/1) D:5
   Lair: D:8-11

Altars:
Ashenzari
Gozag
Hepliaklqana
Kikubaaqudgha
Makhleb
Nemelex Xobeh
Ru
Vehumet
Xom
Yredelemnul
Zin
The Shining One

Annotations:
D:8 Pikel


Innate Abilities, Weirdness & Mutations

You reflexively headbutt those who attack you in melee.
You have a pair of horns on your head.


Message History

You take 1 damage, and have 25/86 hp.
PANIC x10: slave x3, killer bee x6, Pikel!
You hit Pikel. The slave barely misses you.
Pikel hits you with a whip of freezing.
* * * LOW HITPOINT WARNING * * *
Pikel freezes you.
* * * LOW HITPOINT WARNING * * *
The slave hits you.
* * * LOW HITPOINT WARNING * * *
You take 11 damage, and have 14/86 hp.
PANIC x10: slave x3, killer bee x6, Pikel!
You hit Pikel. You headbutt Pikel. The killer bee stings you.
* * * LOW HITPOINT WARNING * * *
The killer bee stings you.
* * * LOW HITPOINT WARNING * * *
The slave completely misses you. You furiously retaliate!
You headbutt the slave, but do no damage.
The killer bee misses you. You block the slave's attack.
Pikel hits you with a whip of freezing.
You die...

.#.##...#..#
............###
..#.............
...(...........
#.............
###...yry.......
.....yppp#.....
##.yK@.#..#
#..ayy...#
#..[.....#
###.##......((#
#......<..).#)#
.......#...##.#
#......######.#
#...... ...
#...... ...


You could see Pikel, 3 slaves, a worker ant, 6 killer bees and a quokka.

Vanquished Creatures
  A cyclops (D:7)
  A troll (D:8)
  The ghost of johnjohn the Chopper, an amateur TrBe of Yredelemnul (D:4)
  A hungry ghost (D:7)
  An orc warrior (D:6)
  A sky beast (D:7)
  3 ice beasts
  A phantom (D:7)
  A slave (D:8)
  2 ogres (D:5)
  2 centaurs
  2 big kobolds
  A bullfrog (D:7)
  3 scorpions
  A howler monkey (D:7)
  2 crimson imps
  A centaur zombie (D:7)
  A quasit (D:6)
  2 orc priests (D:7)
  A hound (D:4)
  10 orc wizards
  3 bullfrog skeletons
  A centaur skeleton (D:5)
  An iguana (D:5)
  Natasha (twice) (D:4)
  5 worker ants
  A hound zombie (D:8)
  9 adders
  8 gnolls
  An ooze (D:4)
  An adder skeleton (D:6)
  2 worms
  4 dart slugs
  5 leopard geckos
  23 orcs
  A ball python (D:2)
  A bat zombie (D:6)
  7 giant cockroaches
  6 goblins
  11 hobgoblins
  5 jackals
  3 quokkas
  6 bats
  8 frilled lizards
  19 kobolds
  A leopard gecko skeleton (D:5)
  A quokka skeleton (D:5)
  7 rats
181 creatures vanquished.

Vanquished Creatures (others)
  4 toadstools (D:1)
4 creatures vanquished.

Grand Total: 185 creatures vanquished

Notes
Turn   | Place    | Note
-------+----------+-------------------------------------------
     0 | D:1      | ninurtach the Minotaur Berserker began the quest for the Orb.
     0 | D:1      | Reached XP level 1. HP: 19/19 MP: 0/0
   245 | D:1      | Reached skill level 4 in Maces & Flails
   273 | D:1      | Reached XP level 2. HP: 26/26 MP: 1/1
   938 | D:1      | Reached skill level 5 in Maces & Flails
  1056 | D:2      | Noticed a centaur
  1060 | D:2      | Killed a centaur
  1060 | D:2      | Reached skill level 6 in Maces & Flails
  1060 | D:2      | Reached XP level 3. HP: 12/31 MP: 2/2
  1060 | D:2      | Reached XP level 4. HP: 15/39 MP: 3/3
  1509 | D:2      | Reached ** piety under Trog
  1974 | D:3      | Reached skill level 7 in Maces & Flails
  1974 | D:3      | Reached XP level 5. HP: 39/45 MP: 4/4
  2714 | D:3      | Found a glowing silver altar of Zin.
  2789 | D:3      | Found a burning altar of Makhleb.
  2794 | D:3      | Noticed a balrug
  2794 | D:3      | Noticed an angel
  3204 | D:4      | Reached skill level 10 in Fighting
  3204 | D:4      | Reached skill level 12 in Maces & Flails
  3204 | D:4      | Reached XP level 6. HP: 67/67 MP: 5/5
  3214 | D:4      | Noticed johnjohn's ghost (amateur TrBe)
  3229 | D:4      | Killed johnjohn's ghost
  3229 | D:4      | Reached XP level 7. HP: 73/73 MP: 6/6
  3378 | D:4      | Found a hazy altar of Hepliaklqana.
  3912 | D:4      | Noticed Natasha
  3921 | D:4      | Killed Natasha
  4010 | D:4      | Noticed Natasha
  4014 | D:4      | Killed Natasha
  4212 | D:5      | Entered Level 5 of the Dungeon
  4214 | D:5      | Reached *** piety under Trog
  4270 | D:5      | Found a staircase to the Ecumenical Temple.
  4285 | D:5      | Got a sheer robe
  4296 | D:5      | Identified the +1 robe "Eweiziat" {-Cast rElec MR+} (You found it on level 5 of the Dungeon)
  4424 | D:5      | Reached XP level 8. HP: 62/81 MP: 7/7
  4437 | D:5      | Found a basalt altar of Yredelemnul.
  4452 | D:5      | Reached skill level 5 in Armour
  4632 | D:5      | Reached skill level 5 in Dodging
  4684 | D:5      | Found a sparkling altar of Nemelex Xobeh.
  4685 | D:5      | Found an opulent altar of Gozag.
  4945 | D:6      | Reached **** piety under Trog
  5179 | D:6      | Found an ancient bone altar of Kikubaaqudgha.
  5540 | D:6      | Found a sacrificial altar of Ru.
  5544 | D:6      | Found a shattered altar of Ashenzari.
  5961 | D:7      | Found a glowing golden altar of the Shining One.
  5998 | D:7      | Reached XP level 9. HP: 84/86 MP: 8/8
  6474 | D:7      | Found a radiant altar of Vehumet.
  6674 | D:7      | Noticed a cyclops
  6674 | D:7      | Found a shimmering altar of Xom.
  6806 | D:7      | Killed a cyclops
  7379 | D:8      | Noticed a troll
  7390 | D:8      | Killed a troll
  7402 | D:8      | Reached ***** piety under Trog
  7448 | D:8      | Noticed Pikel
  7465 | D:8      | Slain by Pikel

Skill      XL: |  1  2  3  4  5  6  7  8  9 |
---------------+----------------------------+-----
Maces & Flails | 4 6 7 12 | 12.2
Fighting       | 10 | 10.6
Armour         | 3 4 6 8 |  8.1
Dodging        | 4 5 7 |  7.3

Action                   |  1- 3 |  4- 6 |  7- 9 || total
-------------------------+-------+-------+-------++-------
Melee: Mace              |    38 |    97 |    35 ||   170
       Headbutt          |     5 |    16 |    66 ||    87
       Flail             |       |       |   267 ||   267
Invok: Berserk           |       |     1 |     2 ||     3
       Burn Spellbooks   |       |       |     1 ||     1
       Trog's Hand       |       |       |     1 ||     1
  Use: Scroll            |       |     3 |     1 ||     4
       Potion            |       |     1 |       ||     1
 Stab: Sleeping          |       |       |     1 ||     1
  Eat: Chunk             |       |     7 |    15 ||    22
       Ration            |       |       |     1 ||     1
Armor: Animal skin       |    10 |       |       ||    10
       Chain mail        |       |    27 |    14 ||    41
       Ring mail         |       |     4 |       ||     4
       Robe              |       |       |    22 ||    22
Dodge: Dodged            |    24 |    44 |   153 ||   221
Block: Other             |     3 |    17 |    42 ||    62
       Reflection        |       |       |     1 ||     1
